 Seeded DCSS version 0.29-a0-643-ga013cefcf8 (webtiles) character file.

Game seed: 10802498693541890562 (custom seed)

4125 wilfster70 the Frost Mage (level 10, -4/74 HPs)
             Began as a Gnoll Ice Elementalist on June 19, 2022.
             Was a Follower of Ashenzari.
             Slain by a two-headed ogre
             ... wielding a +0 giant club
              (22 damage)
             ... on level 8 of the Dungeon.
             The game lasted 00:25:00 (10378 turns).

wilfster70 the Frost Mage (Gnoll Ice Elementalist) Turns: 10378, Time: 00:25:01

Health: -4/74      AC: 18    Str: 14    XL:     10   Next: 27%
Magic:  16/20      EV: 13    Int: 19    God:    Ashenzari [*.....]
Gold:   480        SH:  0    Dex: 10    Spells: 8/23 levels left

rFire   + + +      SeeInvis .   a - +1 morningstar (venom)
rCold   . . .      Faith    .   (no shield)
rNeg    . . .      Spirit   .   r - +3 leather armour {rF+}
rPois   .          Reflect  .   q - +0 helmet "Unveiling Incredulity" {Fort, Comp} (curse)
rElec   .          Harm     .   (no cloak)
rCorr   +          Rampage  .   (no gloves)
Will    .....                   (no boots)
Stlth   ++........              (no amulet)
HPRegen 0.22/turn               d - ring of Ashenzari's Comet {rF+++ rCorr AC+4 Dex-2 Stlth-, Alch, Elem} (curse)
MPRegen 0.17/turn               x - +6 ring of strength

@: ice-armoured
A: fangs 1, strong nose, distributed training
a: Renounce Religion, Shatter the Chains


You were on level 8 of the Dungeon.
You worshipped Ashenzari.
Ashenzari was aware of your devotion.
You visited 2 branches of the dungeon, and saw 9 of its levels.
You also visited: Sewer.

You collected 480 gold pieces.

Inventory:

Hand Weapons
 a - a +1 morningstar of venom (weapon)
 z - a +2 dagger of draining
Missiles
 c - 3 curare-tipped darts
Armour
 q - the cursed +0 helmet "Unveiling Incredulity" (worn) {Fort, Comp}
   (You took it off Robin on level 2 of the Dungeon)

   It has a curse which improves the following skills: Fortitude: Armour and
   Shields.
   Companions: Summonings and Necromancy.
 r - a +3 leather armour of fire resistance (worn)
Jewellery
 d - the cursed ring of Ashenzari's Comet (left hand) {rF+++ rCorr AC+4 Dex-2 Stlth-, Alch, Elem}
   (You acquired it on level 1 of the Dungeon)

   [ring of protection]

   AC:        It affects your AC (+4).
   Dex:       It affects your dexterity (-2).
   rF:        It renders you almost immune to fire.
   rCorr:     It protects you from acid and corrosion.
   Stlth:     It makes you less stealthy.
   It has a curse which improves the following skills: Alchemy: Poison Magic and
   Transmutations.
   Elements:  Fire Magic, Ice Magic, Air Magic and Earth Magic.
 x - a +6 ring of strength (right hand)
Wands
 m - a wand of digging (2)
 y - a wand of quicksilver (9)
 B - a wand of polymorph (2)
Scrolls
 e - 2 scrolls of fog
 h - a scroll of enchant weapon
 i - 5 scrolls of teleportation
 k - a scroll of brand weapon
 l - 3 scrolls of enchant armour
 n - 8 scrolls of fear
 o - 2 scrolls of poison
 t - a scroll of magic mapping
 A - a scroll of vulnerability
 C - a scroll of blinking
Potions
 b - 3 potions of magic
 f - a potion of heal wounds
 g - a potion of berserk rage
 j - 4 potions of haste
 p - 2 potions of brilliance
 s - 8 potions of flight
 u - 2 potions of invisibility
 v - 2 potions of lignification
 w - 2 potions of curing


   Skills:
 + Level 5.1 Fighting
 + Level 5.1 Short Blades
 + Level 5.1 Long Blades
 + Level 5.1 Axes
 + Level 5.1 Maces & Flails
 + Level 5.1 Polearms
 + Level 5.1 Staves
 + Level 5.1 Slings
 + Level 5.1 Bows
 + Level 5.1 Crossbows
 + Level 5.1 Throwing
 + Level 5.1(5.9) Armour
 + Level 6.9 Dodging
 + Level 6.7 Stealth
 + Level 5.1(5.9) Shields
 + Level 5.1 Unarmed Combat
 + Level 7.2 Spellcasting
 + Level 4.2 Conjurations
 + Level 4.2 Hexes
 + Level 4.2(5.0) Summonings
 + Level 4.2(5.0) Necromancy
 + Level 4.2 Translocations
 + Level 4.2(5.0) Transmutations
 + Level 4.2(5.0) Fire Magic
 + Level 8.3(9.2) Ice Magic
 + Level 4.2(5.0) Air Magic
 + Level 4.2(5.0) Earth Magic
 + Level 4.2(5.0) Poison Magic
 + Level 5.6 Invocations
 + Level 5.1 Evocations


You had 8 spell levels left.
You knew the following spells:

 Your Spells              Type           Power      Damage    Failure   Level
a - Freeze                Ice            100%       1d11      1%          1
b - Frozen Ramparts       Ice            84%        1d10      1%          3
c - Ozocubu's Armour      Ice            42%        N/A       1%          3
d - Hailstorm             Conj/Ice       32%        3d8       8%          4
e - Sticky Flame          Conj/Fire      24%        2d5       19%         4

Your spell library contained the following spells:

 Spells                   Type           Power      Damage    Failure   Level
 Sting                    Tmut/Pois      100%       1d8       1%          1
 Poisonous Vapours        Pois/Air       52%        N/A       2%          2
 Static Discharge         Conj/Air       24%        N/A       2%          2
 Dispel Undead            Necr           26%        3d13      16%         4
 Olgreb's Toxic Radiance  Pois           26%        N/A       16%         4
 Freezing Cloud           Conj/Ice/Air   15%        6-21      26%         5
 Lightning Bolt           Conj/Air       12%        1d25      45%         5
 Simulacrum               Ice/Necr       17%        N/A       69%         6
 Maxwell's Capacitive Co  Air            13%        ∞         100%        8
 Polar Vortex             Ice            21%        N/A       100%        9


Dungeon Overview and Level Annotations

Branches:
Dungeon (8/15)             Temple (1/1) D:5           Sewer (visited)
   Lair: D:8-11

Altars:
Ashenzari
Cheibriados
Dithmenos
Elyvilon
Fedhas
Gozag
Hepliaklqana
Kikubaaqudgha
Makhleb
Nemelex Xobeh
Okawaru
Qazlal
Ru
Sif Muna
Trog
Uskayaw
Vehumet
Wu Jian
Xom
Yredelemnul
Zin
The Shining One

Shops:
D:6 (

Annotations:
D:4 2 runed translucent doors, qborf's ghost, weakling MeCK


Innate Abilities, Weirdness & Mutations

You have very sharp teeth.
Your uncanny sense of smell can sniff out nearby items.
Your experience applies equally to all skills.


Message History

The wall freezes the orc warrior!
The orc warrior hits you with a +0 long sword!
The wall freezes the yak.
You hit the orc warrior but do no damage.
The orc warrior is poisoned.
The orc warrior is severely wounded.
The wall freezes the orc warrior.
The orc warrior hits you but does no damage.
The wall freezes the yak!
You hit the orc warrior.
The orc warrior looks as sick as possible!
The orc warrior is almost dead.
You kill the orc warrior!
The wall freezes the yak!
You kill the yak!
The wall freezes the two-headed ogre.
You hit the two-headed ogre.
The two-headed ogre is lightly wounded.
The wall freezes the two-headed ogre.
The two-headed ogre misses you. The two-headed ogre closely misses you.
You hit the two-headed ogre.
You bite the two-headed ogre, but do no damage.
The two-headed ogre is moderately wounded.
The wall freezes the two-headed ogre!
The two-headed ogre hits you but does no damage.
The two-headed ogre hits you with a +4 great mace.
You hit the two-headed ogre.
The two-headed ogre is poisoned.
You bite the two-headed ogre.
The two-headed ogre is heavily wounded.
The frozen ramparts melt away.
You thump the two-headed ogre!
The two-headed ogre is severely wounded.
The two-headed ogre hits you with a +0 giant club!!
The two-headed ogre hits you with a +4 great mace!!
* * * LOW HITPOINT WARNING * * *
You thump the two-headed ogre!
The two-headed ogre looks as sick as possible!
The two-headed ogre is almost dead.
The two-headed ogre hits you with a +0 giant club!!
You die...

.....# ∆ ...... ......
#.....# #.).... #.....##
#.....### #..$..##+##
......##.†O@..# . ####.#
######.# .# ##.# #.# ..∆
###...# ##.# ..###...#
#..# ......#### ##.#####
....#....# #......##
.....###.#######.###..^#
...................[...#


You could see a two-headed ogre (extremely poisoned).

Vanquished Creatures
  Joseph (D:7)
  Grinder (D:5)
  Sigmund (D:5)
  A yak (D:8)
  2 steam dragons (D:6)
  Menkaure (D:4)
  Edmund (D:4)
  A water moccasin (D:6)
  Duvessa (D:4)
  Pargi (D:3)
  A black bear (D:7)
  An orc warrior (D:8)
  2 ice beasts (D:7)
  A phantom (D:6)
  2 bullfrogs
  A necrophage (D:6)
  2 kobold brigands (D:7)
  A gnoll sergeant (D:6)
  3 scorpions
  5 wights
  Dowan (D:4)
  6 killer bees (D:7)
  A howler monkey (D:6)
  2 jellies
  4 hounds
  3 orc priests
  3 iguanas
  Ijyb (D:5)
  Terence (D:3)
  4 orc wizards
  Robin (D:2)
  8 gnolls (D:6)
  13 adders
  4 river rats (Sewer)
  A shadow imp (D:6)
  An ufetubus (D:6)
  2 worms (D:2)
  2 dart slugs (D:5)
  23 orcs
  9 bats
  12 endoplasms
  7 giant cockroaches
  14 goblins
  6 hobgoblins
  6 jackals
  14 kobolds
  7 quokkas
  17 ball pythons
  16 frilled lizards
  7 rats
226 creatures vanquished.

Vanquished Creatures (others)
  5 plants (D:3)
5 creatures vanquished.

Grand Total: 231 creatures vanquished

Notes
Turn   | Place    | Note
-------+----------+-------------------------------------------
     0 | D:1      | wilfster70 the Gnoll Ice Elementalist began the quest for
                  | the Orb.
     0 | D:1      | Reached XP level 1. HP: 13/13 MP: 6/6
     7 | D:1      | Identified a scroll of acquirement
     7 | D:1      | Acquired the ring "Fosek" {rF+++ rCorr AC+4 Dex-2 Stlth-}
   121 | D:1      | Reached XP level 2. HP: 17/19 MP: 1/7
   202 | D:1      | Found Resops's Armour Shop.
   518 | D:1      | Reached XP level 3. HP: 23/25 MP: 6/9
   521 | D:1      | Reached skill level 5 in Spellcasting
   730 | D:1      | Learned a level 3 spell: Frozen Ramparts
   734 | D:1      | Learned a level 3 spell: Ozocubu's Armour
   844 | D:1      | Reached skill level 1 in Invocations
  1524 | D:2      | Reached skill level 1 in Fighting
  1524 | D:2      | Reached skill level 1 in Short Blades
  1524 | D:2      | Reached skill level 1 in Long Blades
  1524 | D:2      | Reached skill level 1 in Axes
  1524 | D:2      | Reached skill level 1 in Maces & Flails
  1524 | D:2      | Reached skill level 1 in Polearms
  1524 | D:2      | Reached skill level 1 in Staves
  1524 | D:2      | Reached skill level 1 in Slings
  1524 | D:2      | Reached skill level 1 in Bows
  1524 | D:2      | Reached skill level 1 in Crossbows
  1524 | D:2      | Reached skill level 1 in Throwing
  1524 | D:2      | Reached skill level 1 in Armour
  1524 | D:2      | Reached skill level 1 in Shields
  1524 | D:2      | Reached skill level 1 in Unarmed Combat
  1524 | D:2      | Reached skill level 1 in Evocations
  1601 | D:2      | Reached XP level 4. HP: 32/32 MP: 7/11
  1946 | D:2      | Noticed Robin
  1963 | D:2      | Killed Robin
  1969 | D:2      | Reached skill level 1 in Conjurations
  1969 | D:2      | Reached skill level 1 in Hexes
  1969 | D:2      | Reached skill level 1 in Summonings
  1969 | D:2      | Reached skill level 1 in Necromancy
  1969 | D:2      | Reached skill level 1 in Translocations
  1969 | D:2      | Reached skill level 1 in Transmutations
  1969 | D:2      | Reached skill level 1 in Fire Magic
  1969 | D:2      | Reached skill level 1 in Air Magic
  1969 | D:2      | Reached skill level 1 in Earth Magic
  1969 | D:2      | Reached skill level 1 in Poison Magic
  2331 | D:3      | Found a glowing drain.
  2335 | Sewer    | Entered a sewer
  2347 | Sewer    | Reached XP level 5. HP: 29/37 MP: 8/12
  3180 | D:3      | Noticed Terence
  3187 | D:3      | Killed Terence
  3188 | D:3      | Reached XP level 6. HP: 44/44 MP: 5/13
  3512 | D:3      | Reached skill level 5 in Dodging
  3667 | D:3      | Found a faded altar of an unknown god.
  3686 | D:3      | Noticed Pargi
  3700 | D:3      | Killed Pargi
  4275 | D:4      | Noticed Dowan
  4284 | D:4      | Killed Dowan
  4285 | D:4      | Reached XP level 7. HP: 48/50 MP: 12/15
  4306 | D:4      | Noticed Duvessa
  4313 | D:4      | Killed Duvessa
  4898 | D:4      | Reached skill level 5 in Stealth
  5018 | D:4      | Noticed Menkaure
  5038 | D:4      | Killed Menkaure
  5275 | D:4      | Found a large runed translucent door.
  5275 | D:4      | Found a large runed translucent door.
  5276 | D:4      | Noticed Edmund
  5286 | D:4      | Killed Edmund
  5287 | D:4      | Reached XP level 8. HP: 50/58 MP: 7/16
  5292 | D:4      | Noticed qborf's ghost (weakling MeCK)
  5556 | D:5      | Entered Level 5 of the Dungeon
  5840 | D:5      | Noticed Sigmund
  5861 | D:5      | Killed Sigmund
  6020 | D:5      | Noticed Grinder
  6032 | D:5      | Paralysed by Grinder for 4 turns
  6055 | D:5      | Found a staircase to the Ecumenical Temple.
  6072 | D:5      | Killed Grinder
  6218 | Temple   | Entered the Ecumenical Temple
  6368 | Temple   | Became a worshipper of Ashenzari the Shackled
  6567 | D:5      | Found a snail-covered altar of Cheibriados.
  6568 | D:5      | Found a sparkling altar of Nemelex Xobeh.
  6569 | D:5      | Found a stormy altar of Qazlal.
  6570 | D:5      | Found a shimmering altar of Xom.
  6661 | D:5      | Noticed Ijyb
  6674 | D:5      | Killed Ijyb
  6911 | D:6      | Found Ysikh's Weapon Shop.
  7176 | D:6      | Reached XP level 9. HP: 60/65 MP: 11/18
  7977 | D:6      | Reached skill level 8 in Ice Magic
  8265 | D:6      | Learned a level 4 spell: Hailstorm
  8907 | D:7      | Noticed Joseph
  8929 | D:7      | Killed Joseph
  8930 | D:7      | Reached skill level 5 in Invocations
  9283 | D:7      | Reached * piety under Ashenzari
  9570 | D:6      | Reached XP level 10. HP: 58/69 MP: 13/20
  9709 | D:7      | Reached skill level 5 in Fighting
  9709 | D:7      | Reached skill level 5 in Short Blades
  9709 | D:7      | Reached skill level 5 in Long Blades
  9709 | D:7      | Reached skill level 5 in Axes
  9709 | D:7      | Reached skill level 5 in Maces & Flails
  9709 | D:7      | Reached skill level 5 in Polearms
  9709 | D:7      | Reached skill level 5 in Staves
  9709 | D:7      | Reached skill level 5 in Slings
  9709 | D:7      | Reached skill level 5 in Bows
  9709 | D:7      | Reached skill level 5 in Crossbows
  9709 | D:7      | Reached skill level 5 in Throwing
  9709 | D:7      | Reached skill level 5 in Armour
  9709 | D:7      | Reached skill level 5 in Shields
  9709 | D:7      | Reached skill level 5 in Unarmed Combat
  9709 | D:7      | Reached skill level 5 in Evocations
  9741 | D:7      | Learned a level 4 spell: Sticky Flame
 10370 | D:8      | Noticed a two-headed ogre
 10378 | D:8      | Slain by a two-headed ogre

Illustrated notes

Levels and vault maps discovered:
D:1:      kilobyte_arrival_exit_the_forest, layout_loops_ring, serial_shops,
          shop
D:2:      layout_basic, uniq_robin
D:3:      layout_loops_corners, hellmonk_ecumenical_altar_pennies_from_heaven,
          gup_sewer_entry_bowl, chequers_serial_rivers_micro_d,
          minmay_lizard_king, uniq_pargi, uniq_terence
D:4:      layout_loops_cross, ebering_ghost_disaster_area, abandoned_shop,
          chequers_serial_rivers_room_b, minmay_misc_feat_doors,
          hangedman_decor_slide_cut, uniq_edmund, uniq_duvessa, uniq_menkaure
D:5:      layout_basic, mainiacjoe_overflow_alcove_3, minmay_temple_entry_grid,
          uniq_ijyb, uniq_grinder, uniq_sigmund
D:6:      layout_layer_cave, serial_shops, shop, grunt_decor_clamped,
          wad_rectangle_vault
D:7:      layout_basic, uniq_joseph
D:8:      minmay_s_stair_smasher, layout_rooms, minmay_misc_feat_rows
Temple:   dpeg_five_rooms_temple

Skill      XL: |  1  2  3  4  5  6  7  8  9 10 |
---------------+-------------------------------+-----
Spellcasting   | 5 6 7 |  7.2
Invocations    | 1 2 3 4 5 |  5.6
Fighting       | 1 2 3 4 5 |  5.1
Short Blades   | 1 2 3 4 5 |  5.1
Long Blades    | 1 2 3 4 5 |  5.1
Axes           | 1 2 3 4 5 |  5.1
Maces & Flails | 1 2 3 4 5 |  5.1
Polearms       | 1 2 3 4 5 |  5.1
Staves         | 1 2 3 4 5 |  5.1
Slings         | 1 2 3 4 5 |  5.1
Bows           | 1 2 3 4 5 |  5.1
Crossbows      | 1 2 3 4 5 |  5.1
Throwing       | 1 2 3 4 5 |  5.1
Armour         | 1 2 3 4 5 |  5.1
Shields        | 1 2 3 4 5 |  5.1
Unarmed Combat | 1 2 3 4 5 |  5.1
Evocations     | 1 2 3 4 5 |  5.1
Conjurations   | 1 2 3 4 |  4.2
Hexes          | 1 2 3 4 |  4.2
Summonings     | 1 2 3 4 |  4.2
Necromancy     | 1 2 3 4 |  4.2
Translocations | 1 2 3 4 |  4.2
Transmutations | 1 2 3 4 |  4.2
Fire Magic     | 1 2 3 4 |  4.2
Air Magic      | 1 2 3 4 |  4.2
Earth Magic    | 1 2 3 4 |  4.2
Poison Magic   | 1 2 3 4 |  4.2
Dodging        | 5 6 |  6.9
Stealth        | 5 6 |  6.7
Ice Magic      | 8 |  8.3

Action                   |  1- 3 |  4- 6 |  7- 9 | 10-12 || total
-------------------------+-------+-------+-------+-------++-------
Melee: Unarmed           |     1 |       |       |       ||     1
       Dagger            |    15 |   143 |   101 |       ||   259
       Bite              |     2 |    11 |    21 |     6 ||    40
       Punch             |       |     4 |     4 |       ||     8
       Morningstar       |       |       |    91 |    36 ||   127
Throw: Dart              |       |       |     5 |       ||     5
 Cast: Freeze            |    49 |     6 |    13 |       ||    68
       Frozen Ramparts   |     3 |    26 |    51 |     9 ||    89
       Ozocubu's Armour  |       |     3 |     7 |     4 ||    14
Invok: Curse Item        |       |       |     2 |       ||     2
  Use: Scroll            |     2 |       |     9 |       ||    11
       Potion            |       |       |     2 |       ||     2
 Stab: Sleeping          |     1 |       |     1 |       ||     2
Armor: Robe              |    16 |    61 |       |       ||    77
       Ring mail         |       |     1 |    79 |       ||    80
       Leather armour    |       |       |    11 |    17 ||    28
       Steam dragon scal |       |       |     1 |       ||     1
Dodge: Dodged            |    32 |   111 |   151 |    28 ||   322

Table legend: (Time is in decaauts)
 A = Elapsed time spent in this place.
 B = Non-inter-level travel time spent in this place.
 C = Inter-level travel time spent in this place.
 D = Time resting spent in this place.
 E = Time spent auto-exploring this place.
 F = Levels seen in this place.
 G = Mean time per level.
                   A        B        C        D        E       F      G
               +--------+--------+--------+--------+--------+-----+--------+
         Total |  10545 |  10237 |    308 |   2201 |   4973 |  10 | 1054.5 |
       Dungeon |   9314 |   9100 |    214 |   1994 |   4596 |   8 | 1164.2 |
        Temple |    243 |    150 |     93 |      0 |     83 |   1 |  243.0 |
         Sewer |    987 |    987 |      0 |    207 |    294 |   1 |  987.0 |
               +--------+--------+--------+--------+--------+-----+--------+

Top non-repeatable levels by time:
     D:6: 2050 daAuts
     D:4: 1318 daAuts
     D:1: 1310 daAuts
     D:7: 1257 daAuts
     D:3: 1116 daAuts
     D:5: 1097 daAuts
   Sewer: 987 daAuts
     D:2: 946 daAuts
  Temple: 243 daAuts
     D:8: 215 daAuts
